Map: [ESL] Site Delta

Players

Reynor

  • Race: Zerg Zerg
  • Spawn Location: 5:00

Harstem - Winner!

  • Race: Protoss Protoss
  • Spawn Location: 11:00

Event: ESL SC2 Masters 2023 Winter (Finals)

VOD

Have the link to the VOD?

Description

Time

  • Played on: Dec. 16, 2023, 10:30 a.m.
  • Length: 23:54

All games in this series

Show
View Real Time Build Order
Export as new Build Order

Reynor Zerg 

Build Orders: Hatch First 

Get SALT Encoding   

  12  0:00  Drone  
  13  0:11  Overlord  
  13  0:16  Drone  
  14  0:30  Drone x2  
  16  0:47  Hatchery  
  15  0:50  Drone  
  15  0:54  Drone  
  17  0:58  Drone  
  18  1:08  Extractor  
  17  1:13  Spawning Pool  
  17  1:16  Drone  
  17  1:19  Drone  
  18  1:27  Drone  
  19  1:38  Drone  
  20  1:48  Overlord  
  20  1:59  Queen x2  
  20  2:00  Drone x2  
  26  2:10  Zergling x4  
  28  2:21  Drone x2  
  30  2:27  Metabolic Boost  
  30  2:32  Drone x2  
  32  2:39  Hatchery  
  32  2:42  Drone, Overlord  
  32  2:49  Queen  
  34  2:53  Drone x2  
  36  3:01  Queen  
  36  3:05  Overlord  
  38  3:06  Drone  
  38  3:07  Drone  
  38  3:09  Drone  
  38  3:11  Drone  
  42  3:14  Drone  
  42  3:16  Drone  
  44  3:25  Drone  
  44  3:26  Queen  
  47  3:29  Drone  
  48  3:36  Overlord  
  48  3:38  Drone x2  
  48  3:40  Drone  
  51  3:44  Overlord  
  51  3:46  Drone  
  52  3:50  Queen  
  52  3:51  Queen  
  52  3:52  Overlord  
  52  3:54  Drone  
  52  3:55  Drone  
  58  3:59  Drone  
  58  4:01  Spore Crawler  
  58  4:04  Queen  
  58  4:07  Drone x2  
  58  4:09  Drone  
  63  4:10  Extractor  
  63  4:12  Drone x2  
  63  4:14  Drone  
  63  4:16  Spore Crawler  
  65  4:20  Drone x3  
  65  4:22  Drone  
  65  4:24  Drone  
  70  4:28  Drone  
  69  4:32  Drone x2  
  69  4:36  Drone x2  
  71  4:38  Spore Crawler  
  71  4:41  Overlord  
  71  4:42  Drone  
  71  4:45  Drone x2  
  73  4:48  Zergling x4  
  73  4:49  Zergling x2  
  73  4:52  Evolution Chamber  
  76  4:53  Drone  
  76  4:56  Drone x3, Spore Crawler  
  79  5:08  Roach Warren  
  79  5:10  Zergling x4  
  79  5:12  Drone x3  
  79  5:13  Drone  
  84  5:14  Drone, Hatchery  
  84  5:17  Zerg Melee Weapons Level 1  
  84  5:18  Drone x2  
  84  5:20  Drone x2  
  88  5:27  Overlord  
  88  5:28  Zergling x2  
  89  5:30  Extractor, Lair  
  89  5:31  Drone x2  
  89  5:32  Extractor, Drone  
  90  5:40  Overlord  
  90  5:45  Overlord  
  90  5:46  Drone x4  
  90  5:47  Overlord  
  90  5:48  Extractor  
  93  5:53  Roach x2  
  93  5:55  Evolution Chamber  
  95  6:00  Roach x5  
  95  6:01  Evolution Chamber  
  95  6:02  Evolution Chamber  
  103  6:05  Zergling x2, Roach  
  103  6:06  Overlord, Evolution Chamber  
  103  6:10  Zergling x6  
  103  6:11  Queen  
  108  6:14  Roach  
  108  6:17  Zergling x2  
  108  6:18  Zergling x8  
  117  6:21  Overlord  
  117  6:25  Zergling x2, Roach x2  
  122  6:29  Roach  
  123  6:36  Roach x2  
  123  6:39  Roach  
  121  6:41  Zergling x4  
  121  6:42  Zergling x2  
  121  6:43  Queen  
  121  6:44  Zergling x6  
  121  6:45  Drone  
  123  6:47  Drone  
  123  6:49  Drone  
  123  6:52  Drone x3  
  127  6:55  Drone  
  127  7:01  Drone  
  131  7:02  Drone  
  131  7:03  Extractor x2  
  131  7:06  Drone x4  
  134  7:10  Drone  
  134  7:12  Zerg Melee Weapons Level 2  
  134  7:13  Drone  
  134  7:15  Drone, Baneling Nest  
  135  7:17  Drone  
  135  7:19  Spore Crawler  
  135  7:20  Overlord  
  136  7:22  Overlord  
  136  7:28  Drone x2  
  136  7:33  Drone x2, Overlord  
  136  7:35  Drone x2  
  136  7:36  Hatchery  
  139  7:38  Glial Reconstitution  
  139  7:40  Roach  
  139  7:43  Zergling x4, Roach x3  
  149  7:48  Overlord  
  149  7:49  Overseer, Drone  
  152  7:51  Roach  
  152  7:53  Overlord  
  152  7:57  Roach x3  
  158  8:00  Zergling x2  
  158  8:02  Overlord  
  158  8:04  Overlord  
  159  8:06  Overlord  
  159  8:08  Zergling x4, Roach x3  
  158  8:16  Ravager x3  
  158  8:17  Zergling x4, Roach x4  
  162  8:21  Roach x2  
  162  8:25  Drone  
  162  8:26  Queen  
  159  8:27  Queen  
  159  8:32  Infestation Pit  
  156  8:35  Zergling x16  
  156  8:38  Drone x3  
  156  8:39  Drone, Extractor  
  156  8:40  Queen  
  156  8:41  Extractor  
  167  8:42  Drone x2  
  167  8:47  Drone  
  170  8:50  Spine Crawler  
  170  8:51  Spine Crawler  
  170  8:52  Ravager x2  
  170  8:53  Spine Crawler  
  170  8:55  Centrifugal Hooks  
  169  8:59  Drone x3  
  169  9:01  Zergling x18  
  181  9:06  Drone x2, Queen, Evolution Chamber  
  184  9:11  Hive  
  184  9:14  Spire  
  183  9:21  Ravager x2  
  183  9:23  Zergling x6  
  183  9:24  Zergling x12  
  192  9:27  Spore Crawler, Spine Crawler  
  192  9:32  Zerg Missile Weapons Level 1  
  192  9:33  Zerg Ground Armor Level 1  
  189  9:56  Zergling x22  
  200  10:13  Baneling x10  
  199  10:21  Spine Crawler  
  198  10:22  Spine Crawler  
  198  10:25  Adrenal Glands  
  198  10:26  Greater Spire  
  197  10:31  Spine Crawler  
  197  10:32  Drone x2, Spine Crawler  
  193  10:36  Overlord  
  193  10:38  Baneling x17  
  192  10:45  Zergling x12  
  192  10:48  Overlord  
  197  10:53  Roach, Overlord  
  195  11:01  Ravager x6  
  195  11:05  Roach  
  195  11:06  Zergling x14, Roach x7  
  195  11:07  Overlord  
  186  11:13  Roach x10  
  186  11:15  Overlord  
  186  11:17  Roach x4  
  195  11:24  Roach x2  
  195  11:25  Roach x2, Overlord  
  184  11:29  Roach x2  
  184  11:32  Roach  
  161  11:39  Ravager x3  
  148  11:40  Ravager x3  
  148  11:43  Zergling x6  
  148  11:44  Zergling x2  
  148  11:45  Queen x2  
  145  11:48  Zergling x2  
  145  11:52  Zergling x4  
  145  11:54  Queen  
  131  11:57  Zergling x4  
  131  12:01  Zergling x4  
  128  12:06  Zergling x2, Baneling Nest  
  128  12:08  Zergling x2, Roach Warren  
  125  12:11  Zergling x2  
  125  12:12  Zergling x2  
  121  12:16  Zergling x2  
  121  12:21  Queen  
  121  12:22  Zergling x4  
  126  12:25  Zergling x2  
  126  12:29  Queen  
  121  12:35  Corruptor x3  
  126  12:42  Corruptor x2  
  126  12:53  Corruptor  
  126  12:56  Hatchery  
  126  13:11  Brood Lord x3  
  129  13:16  Brood Lord x2  
  130  13:27  Brood Lord  
  130  13:28  Hatchery  
  129  13:34  Overlord  
  129  13:35  Overlord x3  
  121  14:21  Hatchery  
  120  14:26  Corruptor  
  122  14:34  Corruptor  
  124  14:43  Ravager x2  
  126  15:01  Baneling x2  
  126  15:02  Corruptor  
  128  15:07  Zerg Flyer Weapons Level 1  
  128  15:10  Drone x4  
  124  15:20  Brood Lord x2  
  126  15:26  Zergling x6  
  126  15:28  Zergling x2  
  130  15:32  Zergling x2  
  130  15:33  Zergling x2  
  132  15:43  Brood Lord  
  134  16:03  Baneling x4  
  129  16:28  Hatchery  
  129  16:29  Infestor x2  
  131  16:46  Zergling x2  
  131  16:47  Zergling x6  
  131  16:53  Extractor, Corruptor  
  133  16:57  Zergling x10  
  138  17:09  Baneling x4  
  138  17:10  Baneling x2  
  134  17:18  Corruptor  
  134  17:21  Zergling x6  
  124  17:41  Zergling x8  
  118  17:49  Brood Lord  
  120  17:59  Brood Lord  
  120  18:01  Zergling x6  
  125  18:06  Zergling x4  
  126  18:15  Zergling x10  
  126  18:24  Zergling x4  
  126  18:25  Corruptor  
  127  18:33  Corruptor  
  129  18:41  Zergling x2  
  129  18:42  Zergling x6  
  133  18:55  Zergling x6  
  133  18:59  Brood Lord  
  136  19:11  Brood Lord  
  123  19:24  Corruptor  
  78  19:52  Zergling x10  
  81  19:53  Zergling x2  
  81  19:56  Brood Lord  
  83  20:02  Drone  
  83  20:03  Drone x3  
  84  20:26  Roach x2  
  88  20:57  Ravager x3  
  87  21:15  Zergling x4  
  87  21:17  Hatchery  
  87  21:31  Roach  
  87  21:32  Roach  
  91  21:42  Roach  
  91  21:49  Roach  
  81  22:20  Roach x3  
  87  22:24  Drone  
  70  22:49  Ravager  
  65  22:55  Zergling x2  
  65  22:56  Zergling x8  
  53  23:07  Zergling x4  
  52  23:22  Zergling x4  
  47  23:36  Zergling x6  
Show
View Real Time Build Order
Export as new Build Order

Harstem Protoss - Winner!

Build Orders: 1 Gate Expand, Oracle Opening, Archon Immortal 

Get SALT Encoding   

  12  0:00  Probe  
  13  0:12  Probe  
  14  0:18  Pylon  
  14  0:24  Probe  
  15  0:31  Assimilator  
  15  0:36  Probe (Chrono Boost)  
  16  0:43  Gateway  
  16  0:46  Probe (Chrono Boost)  
  17  0:51  Probe (Chrono Boost)  
  18  1:03  Probe  
  19  1:15  Probe  
  20  1:23  Nexus  
  20  1:32  Cybernetics Core  
  20  1:34  Probe  
  21  1:41  Assimilator  
  21  1:47  Probe  
  22  1:49  Pylon  
  22  1:59  Probe  
  23  2:08  Stargate  
  23  2:09  Adept (Chrono Boost)  
  23  2:11  Probe  
  26  2:21  Warp Gate  
  26  2:23  Probe (Chrono Boost)  
  27  2:31  Adept  
  27  2:35  Probe (Chrono Boost)  
  31  2:38  Probe (Chrono Boost)  
  31  2:39  Probe (Chrono Boost)  
  32  2:47  Probe  
  32  2:49  Oracle (Chrono Boost), Probe  
  37  2:59  Probe  
  37  3:01  Probe  
  37  3:03  Pylon  
  39  3:11  Probe  
  40  3:13  Probe  
  40  3:17  Oracle (Chrono Boost)  
  41  3:23  Probe  
  41  3:25  Probe  
  41  3:26  Gateway  
  46  3:38  Nexus  
  46  3:39  Probe  
  47  3:42  Probe  
  48  3:51  Probe  
  48  3:53  Forge  
  48  3:54  Probe  
  50  3:58  Twilight Council  
  50  4:02  Pylon  
  50  4:03  Protoss Ground Weapons Level 1 (Chrono Boost), Probe  
  52  4:10  Stalker  
  52  4:13  Assimilator  
  52  4:15  Probe  
  54  4:21  Gateway, Probe  
  54  4:22  Gateway  
  55  4:33  Probe  
  55  4:34  Pylon  
  56  4:40  Charge (Chrono Boost)  
  56  4:42  Probe  
  56  4:43  Zealot x2  
  61  4:46  Assimilator  
  61  4:47  Pylon  
  61  4:49  Probe  
  61  4:51  Probe  
  61  4:52  Shield Battery  
  63  4:54  Probe  
  64  5:05  Zealot x2  
  64  5:06  Probe  
  69  5:08  Pylon  
  69  5:12  Robotics Facility  
  69  5:13  Probe  
  70  5:19  Zealot x2  
  70  5:20  Probe  
  76  5:25  Probe  
  76  5:26  Zealot x2  
  80  5:32  Probe  
  80  5:35  Pylon  
  82  5:39  Templar Archives  
  82  5:40  Zealot x2  
  82  5:42  Probe  
  86  5:45  Probe  
  86  5:47  Zealot  
  86  5:48  Zealot  
  91  5:57  Probe  
  91  5:58  Probe x2  
  91  5:59  Immortal (Chrono Boost)  
  98  6:07  Protoss Ground Weapons Level 2  
  98  6:08  Pylon  
  98  6:09  Probe  
  99  6:12  Probe, Pylon  
  99  6:14  Probe  
  99  6:15  Pylon  
  101  6:21  Probe  
  101  6:24  Probe  
  103  6:26  High Templar x2  
  108  6:34  Immortal (Chrono Boost)  
  108  6:39  Nexus  
  109  6:40  Pylon  
  109  6:42  Probe  
  109  6:43  Probe  
  109  6:45  Probe  
  110  6:50  High Templar, Archon  
  110  6:51  High Templar  
  110  6:54  Assimilator, Probe  
  110  6:58  Assimilator  
  110  6:59  Archon  
  110  7:01  Probe x2  
  113  7:03  Immortal (Chrono Boost)  
  113  7:07  Gateway  
  113  7:08  Gateway  
  117  7:10  Probe  
  117  7:13  Probe  
  119  7:15  Gateway  
  119  7:18  Sentry, Gateway, Zealot  
  119  7:20  Probe  
  119  7:21  Pylon  
  124  7:23  Shield Battery  
  124  7:31  High Templar x2  
  124  7:32  Probe  
  124  7:33  Immortal (Chrono Boost)  
  124  7:36  Photon Cannon  
  133  7:37  Pylon  
  133  7:40  Archon  
  133  7:41  Zealot x2  
  133  7:42  Psionic Storm, Probe  
  138  7:56  Probe  
  138  8:01  Zealot x3  
  130  8:13  Probe (Chrono Boost)  
  130  8:14  Zealot x5, Probe (Chrono Boost)  
  130  8:15  Probe x2 (Chrono Boost)  
  136  8:25  Immortal  
  136  8:26  Probe (Chrono Boost)  
  142  8:27  High Templar x2  
  142  8:28  High Templar  
  142  8:29  Probe (Chrono Boost)  
  142  8:31  Probe x2 (Chrono Boost)  
  137  8:34  Probe (Chrono Boost)  
  137  8:36  Shield Battery  
  137  8:37  Photon Cannon, Probe (Chrono Boost)  
  141  8:42  Probe x2 (Chrono Boost)  
  141  8:43  Probe x2 (Chrono Boost)  
  141  8:45  Shield Battery  
  141  8:46  Zealot x2  
  144  8:51  Protoss Ground Weapons Level 3 (Chrono Boost)  
  144  8:53  Assimilator  
  144  8:56  High Templar x2  
  144  8:57  Assimilator  
  144  9:01  Pylon  
  148  9:04  Photon Cannon  
  148  9:05  Pylon  
  148  9:07  Immortal (Chrono Boost)  
  152  9:12  Photon Cannon  
  152  9:15  Pylon  
  152  9:24  High Templar x2  
  152  9:25  Zealot x3  
  152  9:28  Probe  
  152  9:29  Photon Cannon  
  163  9:36  Warp Prism (Chrono Boost)  
  163  9:37  Archon  
  163  9:39  High Templar x2  
  163  9:53  High Templar x2, Zealot x2  
  163  9:54  Probe  
  163  9:57  Gateway  
  172  10:01  Gateway, Archon  
  172  10:04  Observer (Chrono Boost)  
  172  10:05  Probe  
  174  10:08  Photon Cannon  
  174  10:11  Photon Cannon  
  166  10:14  Zealot x6  
  166  10:15  Nexus  
  166  10:18  Warp Prism (Chrono Boost)  
  180  10:22  Probe  
  180  10:24  Blink, Pylon  
  181  10:29  Zealot x2, Pylon  
  181  10:35  Zealot  
  187  10:38  Pylon  
  185  10:44  Zealot x3  
  180  10:53  Zealot x5  
  173  10:59  Zealot x2  
  117  11:18  Archon x2  
  117  11:19  Zealot x5  
  117  11:20  Zealot x3  
  127  11:32  Zealot x2  
  122  11:40  Zealot x3  
  122  11:41  Probe  
  114  11:58  Zealot x3  
  111  12:08  Probe x2  
  111  12:13  High Templar x3  
  117  12:17  Archon  
  117  12:24  High Templar x4  
  117  12:25  High Templar x2  
  117  12:26  Probe x3 (Chrono Boost)  
  127  12:31  Zealot  
  127  12:32  Probe (Chrono Boost)  
  127  12:36  Probe x2 (Chrono Boost)  
  123  12:42  Probe (Chrono Boost)  
  116  12:46  Probe (Chrono Boost)  
  116  12:47  Stalker  
  116  12:49  Probe (Chrono Boost)  
  116  12:50  Zealot x2  
  122  12:58  Probe (Chrono Boost)  
  123  13:02  High Templar x4  
  123  13:03  Stalker x2  
  135  13:05  Zealot  
  135  13:08  Archon x2  
  131  13:15  Zealot x3  
  123  13:22  Probe x4  
  119  13:34  Probe x2  
  119  13:40  Zealot x4  
  123  13:49  Probe x3 (Chrono Boost)  
  123  13:55  Probe (Chrono Boost)  
  127  13:59  Probe x3 (Chrono Boost)  
  127  14:00  Zealot x2  
  130  14:05  Probe (Chrono Boost)  
  130  14:06  Probe x2 (Chrono Boost)  
  132  14:10  Probe (Chrono Boost)  
  132  14:20  Stalker x4  
  138  14:27  Stalker  
  136  14:34  Stalker x2  
  136  14:36  Probe (Chrono Boost)  
  136  14:37  Probe (Chrono Boost)  
  136  14:38  Probe x2 (Chrono Boost)  
  142  14:48  Probe (Chrono Boost)  
  142  14:49  Probe (Chrono Boost)  
  147  14:53  Probe (Chrono Boost)  
  147  14:54  Probe (Chrono Boost)  
  147  14:56  Probe x2 (Chrono Boost)  
  147  14:57  Probe (Chrono Boost)  
  147  14:58  Stalker x3  
  156  15:00  Probe (Chrono Boost)  
  156  15:01  Probe  
  156  15:04  Probe x2  
  159  15:15  Stalker x3  
  163  15:22  Observer (Chrono Boost)  
  163  15:24  Probe  
  163  15:28  Probe  
  166  15:29  Stalker x4  
  172  15:37  Observer (Chrono Boost)  
  173  15:44  Probe  
  173  15:49  Stalker x4  
  178  15:50  Protoss Shields Level 1 (Chrono Boost), Stalker x2  
  178  15:53  Pylon  
  180  15:59  Zealot x4  
  186  16:06  Probe  
  186  16:09  Photon Cannon  
  187  16:16  Stalker x4  
  185  16:40  Stalker x7  
  185  16:46  Probe  
  200  16:51  Fleet Beacon  
  200  16:52  Probe  
  195  16:55  Assimilator  
  195  16:59  Photon Cannon  
  195  17:01  Photon Cannon  
  193  17:02  Assimilator  
  193  17:07  Probe  
  192  17:11  Stargate  
  192  17:13  Stargate  
  184  17:19  Stalker x5  
  186  17:31  Stalker x3  
  180  17:40  Stalker x2  
  180  17:41  Probe x2  
  180  17:43  Observer  
  170  17:47  High Templar x3  
  170  17:51  Observer  
  177  17:53  Probe  
  177  17:56  Zealot x2  
  181  18:06  High Templar x2, Zealot x2  
  185  18:16  Zealot x3  
  185  18:17  Archon  
  176  18:24  High Templar x2, Zealot  
  176  18:25  Probe x2 (Chrono Boost)  
  184  18:27  Probe (Chrono Boost)  
  184  18:35  Probe (Chrono Boost)  
  184  18:37  Archon, Probe (Chrono Boost)  
  187  18:42  Probe (Chrono Boost)  
  187  18:46  Probe (Chrono Boost)  
  185  18:49  Stalker x4  
  193  18:57  Stalker x2  
  194  19:11  Zealot x4  
  185  19:22  Zealot x3  
  179  19:28  Zealot x2  
  165  19:44  Zealot x2  
  133  19:52  Probe (Chrono Boost)  
  127  19:54  Probe x2 (Chrono Boost)  
  125  20:00  Probe (Chrono Boost)  
  125  20:06  High Templar  
  117  20:17  Probe (Chrono Boost)  
  117  20:18  Probe (Chrono Boost)  
  118  20:24  Observer (Chrono Boost), Probe (Chrono Boost)  
  121  20:29  Probe (Chrono Boost)  
  121  20:35  High Templar x2  
  126  20:37  High Templar x2  
  126  20:40  Observer (Chrono Boost)  
  126  20:42  Archon x2  
  129  20:43  High Templar x2  
  129  20:45  Probe  
  134  20:51  Probe x2  
  136  21:01  High Templar x3  
  142  21:07  Probe x2  
  144  21:15  Probe  
  144  21:16  High Templar x3  
  149  21:25  Archon  
  147  21:27  Zealot x3  
  151  21:38  Probe x4  
  156  21:43  High Templar  
  156  21:44  High Templar x3  
  163  21:49  Archon  
  144  22:15  Stalker x6  
  148  22:19  Probe x2  
  148  22:22  Archon  
  141  22:47  Stalker x5  
  143  22:58  Carrier (Chrono Boost)  
  145  23:06  High Templar  
  145  23:07  High Templar x3  
  145  23:11  Probe x2 (Chrono Boost)  
  155  23:19  Probe (Chrono Boost)  
  150  23:28  Zealot x4  
  156  23:38  Probe  
  156  23:43  Zealot x3  
  153  23:49  Zealot  
Tags
 
Add a new tag
Caveats
  • Supply blocks, unpowered buildings, or Contaminate may cause inaccurate times.
  • Supply counts are checked every 10 seconds.